 Dungeon Crawl Stone Soup version 0.20.1-1-g8b1a95d (webtiles) character file.

212 Ravissant the Sneak (level 5, -1/22 HPs)
             Began as a Felid Venom Mage on Aug 12, 2017.
             Was an Initiate of Sif Muna.
             Slain by an orc
             ... wielding a +0 hand axe
              (8 damage)
             ... on level 4 of the Dungeon.
             The game lasted 00:47:28 (5564 turns).

Ravissant the Sneak (Felid Venom Mage)              Turns: 5564, Time: 00:47:28

Health: -1/22      AC:  1    Str:  4    XL:     5   Next: 58%
Magic:  6/10       EV: 18    Int: 16    God:    Sif Muna [......]
Gold:   184        SH:  0    Dex: 18    Spells: 4/10 levels left
                                        Lives:  0   Deaths: 1

rFire    . . .     SeeInvis +     - Unarmed
rCold    . . .     Gourm    .   (shield unavailable)
rNeg     . . .     Faith    .   (armour unavailable)
rPois    .         Spirit   .   (helmet unavailable)
rElec    .         Reflect  .   (cloak unavailable)
rCorr    .         Harm     .   (gloves unavailable)
MR       .....                  (boots unavailable)
Stlth    +++.......             (no amulet)
Regen    0.1/turn               (no ring)
MPRegen  0.2/turn               (no ring)

@: quick
A: no armour, no weapons or thrown items, stealth, claws 1, fangs 3, see
invisible, carnivore 3, speed 1, shaggy fur 1, slow metabolism 1, sharp paws
a: Renounce Religion


You were on level 4 of the Dungeon.
You worshipped Sif Muna.
Sif Muna was noncommittal.
You were full.

You visited 2 branches of the dungeon, and saw 5 of its levels.

You collected 184 gold pieces.

Inventory:

Jewellery
 l - a cursed ring of flight
Scrolls
 c - a scroll of teleportation {unknown}
 d - a scroll of enchant weapon
 e - a scroll of remove curse
 g - a scroll of noise {unknown}
 p - 2 scrolls of amnesia
 q - a scroll of immolation {unknown}
 r - a scroll of enchant armour {unknown}
Potions
 f - a potion of resistance {unknown}
 h - 2 potions of agility
 i - a potion of degeneration {unknown}
 j - 2 potions of curing {unknown}
 k - a potion of cancellation {unknown}
 m - a potion of heal wounds {unknown}
 n - a potion of might {unknown}
Books
 a - a Young Poisoner's Handbook

   Spells                             Type                      Level
   a - Sting                          Conjuration/Poison           1
   b - Poisonous Vapours              Poison/Air                   2
   c - Mephitic Cloud                 Conjuration/Poison/Air       3
   d - Olgreb's Toxic Radiance        Poison                       4
   e - Venom Bolt                     Conjuration/Poison           5
Comestibles
 b - 5 meat rations


   Skills:
 - Level 2.0 Fighting
 - Level 3.0 Dodging
 - Level 5.0 Stealth
 - Level 3.1 Unarmed Combat
 - Level 3.0 Spellcasting
 + Level 1.8 Conjurations
 - Level 3.0 Poison Magic


You had 4 spell levels left.
You knew the following spells:

 Your Spells              Type           Power        Failure   Level  Hunger
a - Sting                 Conj/Pois      ##..         7%          1    #......
b - Poisonous Vapours     Pois/Air       #.....       16%         2    ##.....
c - Mephitic Cloud        Conj/Pois/Air  #.......     28%         3    ###....


Dungeon Overview and Level Annotations

Branches:
Dungeon (4/15)             Temple (1/1) D:4

Altars:
Ashenzari
Cheibriados
Dithmenos
Elyvilon
Fedhas
Gozag
Hepliaklqana
Kikubaaqudgha
Makhleb
Nemelex Xobeh
Okawaru
Qazlal
Ru
Sif Muna
Vehumet
Xom
Zin


Innate Abilities, Weirdness & Mutations

You cannot wear armour.
You are incapable of wielding weapons or throwing items.
Your paws allow you to move quietly. (Stealth)
You have sharp claws.
You have razor-sharp teeth.
You have supernaturally acute eyesight. (SInv)
You are carnivorous and can eat meat at any time.
You cover ground quickly.
You are covered in fur. (AC +1)
You have a slow metabolism.
Your sharp claws are effective at attacking unaware monsters.


Message History

The orc hits you with a hand axe.
* * * LOW HITPOINT WARNING * * *
Casting: Sting
Confirm with . or Enter, or press ? or * to list all spells.
Aiming: Sting
Press: ? - help, Shift-Dir - straight line, f/p - scorpion
Aim: a scorpion (severely wounded)
The sting hits the scorpion.
The scorpion is poisoned.
The scorpion is severely wounded.
You kill the scorpion!
Sif Muna accepts your kill.
Casting: Sting
Confirm with . or Enter, or press ? or * to list all spells.
Aiming: Sting
Press: ? - help, Shift-Dir - straight line, f - orc
Aim: an orc, wielding a hand axe and wearing a ring mail The sting hits the orc.
The orc is poisoned.
The orc is moderately wounded.
The orc hits you with a hand axe!
You die...

###.....# ###..##
###### ##. ##..##
....####.. ##..##
........# ####
##..###.......##
##...####>...........
#.....####.........#
........##.........#
#...............@.#
#.............†o..#
#.................#
##....................
#..............#.#.#.#
#....................
##.............#.#.#..
#.....................
##............#.#.....


You could see an orc.

Vanquished Creatures
  A scorpion (D:4)
  An orc priest (D:3)
  An iguana (D:4)
  A worker ant (D:4)
  5 adders
  2 oozes
  4 worms
  2 dart slugs
  2 leopard geckos
  10 orcs
  2 ball pythons
  8 bats
  3 giant cockroaches
  11 goblins
  7 hobgoblins
  10 jackals
  8 kobolds
  4 quokkas
  6 frilled lizards
  A quokka skeleton (D:4)
  2 rats
  A plant (D:1)
92 creatures vanquished.

Notes
Turn   | Place    | Note
-------+----------+-------------------------------------------
     0 | D:1      | Ravissant the Felid Venom Mage began the quest for the Orb.
     0 | D:1      | Reached XP level 1. HP: 7/7 MP: 4/4
   596 | D:1      | Reached XP level 2. HP: 11/11 MP: 3/6
   707 | D:1      | Found a shimmering altar of Xom.
  1219 | D:2      | Reached skill level 3 in Stealth
  1596 | D:2      | Reached XP level 3. HP: 14/14 MP: 4/7
  1600 | D:2      | Learned a level 2 spell: Poisonous Vapours
  1604 | D:2      | Learned a level 3 spell: Mephitic Cloud
  1833 | D:2      | Reached skill level 4 in Stealth
  2066 | D:2      | Reached skill level 5 in Stealth
  2375 | D:2      | Reached XP level 4. HP: 18/18 MP: 5/8
  3253 | D:3      | Reached skill level 1 in Fighting
  3253 | D:3      | Reached skill level 1 in Unarmed Combat
  3504 | D:3      | Found a blossoming altar of Fedhas.
  3565 | D:3      | Reached XP level 5. HP: 22/22 MP: 5/10
  4180 | D:3      | Found a sacrificial altar of Ru.
  4193 | D:3      | Became a worshipper of Ru the Awakened
  4356 | D:4      | Found a staircase to the Ecumenical Temple.
  4362 | Temple   | Entered the Ecumenical Temple
  4437 | Temple   | Fell from the grace of Ru
  4437 | Temple   | Became a worshipper of Sif Muna the Loreminder
  4655 | D:4      | Slain by an orc
  4656 | D:4      | Reached XP level 4. HP: -5/19 MP: 3/9
  5315 | D:4      | Reached XP level 5. HP: 9/22 MP: 3/10
  5478 | D:4      | Reached skill level 1 in Conjurations
  5564 | D:4      | Slain by an orc

Skill      XL: |  1  2  3  4  5 |
---------------+----------------+-----
Dodging        | 3 |  3.0
Poison Magic   | 3 |  3.0
Stealth        | 3 5 |  5.0
Spellcasting   | 3 |  3.0
Fighting       | 1 2 |  2.0
Unarmed Combat | 3 |  3.1
Conjurations   | 1 |  1.8

Action                   |  1- 3 |  4- 6 || total
-------------------------+-------+-------++-------
Melee: Unarmed           |   262 |    79 ||   341
       Bite              |    36 |     7 ||    43
       Punch             |       |     2 ||     2
 Cast: Sting             |    66 |   147 ||   213
       Mephitic Cloud    |     1 |       ||     1
       Poisonous Vapours |       |     1 ||     1
  Use: Scroll            |     2 |     3 ||     5
 Stab: Paralysed         |       |     1 ||     1
       Sleeping          |       |     1 ||     1
  Eat: Chunk             |    10 |     6 ||    16
Armor: Skin              |     5 |    10 ||    15
Dodge: Dodged            |    53 |   147 ||   200
